 Dungeon Sprint DCSS version 0.30-a0-469-g84de5afbc5 (webtiles) character file.

Game seed: 4436096033077248117

4900000 NinjaNoafa the Formicid Barricade (level 25, -31/234 HPs)
             Began as a Formicid Fighter on Dec 20, 2022.
             Was the Champion of Makhleb.
             Annihilated by a sculptor of flesh
             ... wielding a +9 great sword
              (68 damage)
             ... in the Dungeon (Sprint VIII: "Arena of Blood").
             The game lasted 00:01:17 (49 turns).

NinjaNoafa the Formicid Barricade (Formicid Fighter)  Turns: 49, Time: 00:01:18

Health: -31/234    AC: 13    Str: 24    XL:     25   Next: 44%
Magic:  23/43      EV: 30    Int:  9    God:    Makhleb [******]
Gold:   0          SH:  0    Dex: 21    Spells: 56/56 levels left

rFire   . . .      SeeInvis +    h - +∞ Axe of Woe
rCold   . . .      Faith    .    (no shield)
rNeg    . . .      Spirit   .    b - +0 scale mail
rPois   .          Reflect  .    (helmet unavailable)
rElec   .          Harm     .    (no cloak)
rCorr   .          Rampage  .    (no gloves)
Will    ++...                    (no boots)
Stlth   +++++++...               (no amulet)
HPRegen 0.59/turn                (no ring)
MPRegen 0.28/turn                (no ring)

@: no status effects
A: permanent stasis, dig shafts and tunnels, antennae 3, four strong arms
a: Dig, Renounce Religion, Minor Destruction, Lesser Servant of Makhleb, Major
Destruction, Greater Servant of Makhleb


You were in the Dungeon.
You worshipped Makhleb.
Makhleb was exalted by your worship.
You visited 1 branch

Inventory:

Hand Weapons
 a - a +0 war axe
 h - the +∞ Axe of Woe (weapon)
   (You found it in the Dungeon)
Armour
 b - a +0 scale mail (worn)
 c - a +0 buckler
Potions
 d - a potion of might
 e - a potion of curing
 f - a potion of heal wounds
 g - 2 potions of magic


   Skills:
 O Level 27 Fighting
 + Level 17.8(20.2) Short Blades
 + Level 16.2(19.5) Long Blades
 O Level 27 Axes
 + Level 16.2(25.1) Maces & Flails
 + Level 16.3(25.1) Polearms
 + Level 16.2(21.2) Staves
 + Level 16.2 Ranged Weapons
 + Level 16.3 Throwing
 O Level 27 Armour
 O Level 27 Dodging
 + Level 20.6 Stealth
 O Level 27 Shields
 + Level 16.2 Unarmed Combat
 + Level 16.2 Spellcasting
 + Level 15.0 Conjurations
 + Level 21.1 Hexes
 + Level 17.8 Summonings
 + Level 17.8 Necromancy
 + Level 16.4 Translocations
 + Level 19.3 Transmutations
 + Level 18.0 Fire Magic
 + Level 18.0 Ice Magic
 + Level 15.3 Air Magic
 + Level 21.1 Earth Magic
 + Level 22.7 Poison Magic
 O Level 27 Invocations
 + Level 19.5 Evocations


You had 56 spell levels left.
You didn't know any spells.
Your spell library was empty.

Dungeon Overview and Level Annotations

Branches:
Dungeon (1/1)

Altars:
Makhleb


Innate Abilities, Weirdness & Mutations

You cannot be hasted, slowed, berserked, paralysed or teleported.
You can dig through walls and to a lower floor.
You have a pair of large antennae on your head. (SInv)
Your four strong arms can wield two-handed weapons with a shield.


Message History

You slash the destroyer!
You pulverise the destroyer into a thin bloody mist.
You destroy the destroyer!
Makhleb accepts your kill.
The accursed appears out of thin air!
An accursed comes into view.
You hear a shout!
The meat berserker is engulfed in blazing flames.
You hear a shout! x2
The destroyer is engulfed in blazing flames.
The destroyer casts a spell at you.
The destroyer blinks!
You hear a shout!
A bag of meat comes into view. It is wielding a +9 war axe.
Your base Long Blades skill increases to level 16!
Your base Maces & Flails skill increases to level 16!
Your base Polearms skill increases to level 16!
Your base Staves skill increases to level 16!
Your Ranged Weapons skill increases to level 16!
Your Throwing skill increases to level 16!
Your Unarmed Combat skill increases to level 16!
Your Spellcasting skill increases to level 16!
Your Conjurations skill increases to level 15!
Your Hexes skill increases to level 21!
Your Transmutations skill increases to level 19!
Your Fire Magic skill increases to level 18!
Your Ice Magic skill increases to level 18!
Your Earth Magic skill increases to level 21! 3 bags of meat come into view.
You hear a shout! x2
A sculptor of flesh comes into view. It is wielding a +9 great sword.
You hear a shout!
A bag of meat comes into view. It is wielding a +9 war axe.
The destroyer hits you with a +9 vorpal great sword!!!!!
Ouch! That really hurt!
* * * LOW HITPOINT WARNING * * *
The destroyer bites you but does no damage.
You hear a shout!
The sculptor of flesh hits you with a +9 great sword!!!
You die...

......#_)<)_#....
......#).{..#...
#......)._......
.§...§))###......
...###§§§....###.
.o #○)☼....# .
.o..#°§M)...#..o
.z.O..))O.......
........@Vo.....
........z.......#
.............o##.
....#........#..o
....O........# .o
..##.#....... z
o..........
....#.....###


You could see an accursed, a destroyer, 3 sculptors of flesh, a large bag of
meat (inner flame), 2 meat berserkers and 8 bags of meat.

Vanquished Creatures
  9 vampire knights (D)
  17 ogres (D)
  A two-headed ogre (D)
  28 orcs (D)
  A skeletal warrior (D)
56 creatures vanquished.

Notes
Turn   | Place    | Note
-------+----------+-------------------------------------------
     0 | D        | Found the +∞ Axe of Woe
     0 | D        | NinjaNoafa the Formicid Fighter began the quest for the
                  | Orb.
     0 | D        | Reached XP level 1. HP: 18/18 MP: 1/1
     1 | D        | Noticed a bag of meat
     2 | D        | Noticed a bag of meat
     2 | D        | Noticed a bag of meat
     3 | D        | Noticed a bag of meat
     4 | D        | Noticed a meat berserker
     6 | D        | Noticed a bag of meat
     7 | D        | Killed a bag of meat
     7 | D        | Noticed a meat berserker
     8 | D        | Reached XP level 2. HP: 43/43 MP: 2/2
     8 | D        | Reached XP level 3. HP: 49/49 MP: 3/3
     8 | D        | Reached XP level 4. HP: 56/56 MP: 4/4
     8 | D        | Reached XP level 5. HP: 62/62 MP: 5/5
     8 | D        | Reached XP level 6. HP: 69/69 MP: 6/6
     8 | D        | Reached XP level 7. HP: 75/75 MP: 7/7
     8 | D        | Reached XP level 8. HP: 82/82 MP: 8/8
     8 | D        | Reached XP level 9. HP: 88/88 MP: 9/9
     8 | D        | Reached XP level 10. HP: 95/95 MP: 10/10
     8 | D        | Reached XP level 11. HP: 101/101 MP: 11/11
     8 | D        | Killed a bag of meat
     8 | D        | Killed a bag of meat
     9 | D        | Reached XP level 12. HP: 116/116 MP: 12/12
     9 | D        | Reached XP level 13. HP: 122/122 MP: 13/13
     9 | D        | Killed a meat berserker
     9 | D        | Killed a bag of meat
     9 | D        | Noticed a meat berserker
    10 | D        | Reached XP level 14. HP: 138/138 MP: 14/14
    10 | D        | Killed a bag of meat
    10 | D        | Noticed a bag of meat
    12 | D        | Killed a meat berserker
    12 | D        | Noticed a meat berserker
    12 | D        | Noticed a meat berserker
    13 | D        | Reached XP level 15. HP: 149/149 MP: 15/15
    14 | D        | Killed a meat berserker
    15 | D        | Reached skill level 27 in Shields
    15 | D        | Became a worshipper of Makhleb the Destroyer
    15 | D        | Noticed a meat berserker
    17 | D        | Killed a meat berserker
    17 | D        | Reached * piety under Makhleb
    17 | D        | Killed a meat berserker
    18 | D        | Reached skill level 27 in Fighting
    18 | D        | Reached skill level 27 in Armour
    18 | D        | Reached XP level 16. HP: 131/167 MP: 16/16
    18 | D        | Reached XP level 17. HP: 136/174 MP: 17/17
    18 | D        | Noticed a meat berserker
    20 | D        | Reached skill level 27 in Axes
    21 | D        | Killed a meat berserker
    21 | D        | Reached ** piety under Makhleb
    22 | D        | Noticed a destroyer
    24 | D        | Killed a destroyer
    25 | D        | Reached XP level 18. HP: 146/182 MP: 18/18
    25 | D        | Noticed a meat berserker
    25 | D        | Noticed a destroyer
    25 | D        | Noticed a meat berserker
    26 | D        | Killed a meat berserker
    26 | D        | Reached *** piety under Makhleb
    26 | D        | Noticed a meat berserker
    26 | D        | Noticed a meat berserker
    27 | D        | Noticed a large bag of meat
    27 | D        | Noticed a destroyer
    27 | D        | Noticed a meat berserker
    27 | D        | Noticed a meat berserker
    27 | D        | Noticed a meat berserker
    28 | D        | Killed a destroyer
    29 | D        | Reached skill level 27 in Dodging
    29 | D        | Reached XP level 19. HP: 189/189 MP: 19/19
    29 | D        | Noticed a destroyer
    30 | D        | Reached skill level 5 in Stealth
    30 | D        | Reached skill level 5 in Hexes
    30 | D        | Reached skill level 5 in Earth Magic
    30 | D        | Reached skill level 5 in Poison Magic
    30 | D        | Reached skill level 5 in Invocations
    30 | D        | Killed a meat berserker
    30 | D        | Reached **** piety under Makhleb
    30 | D        | Killed a meat berserker
    31 | D        | Reached skill level 5 in Short Blades
    31 | D        | Reached skill level 5 in Long Blades
    31 | D        | Reached skill level 5 in Maces & Flails
    31 | D        | Reached skill level 5 in Polearms
    31 | D        | Reached skill level 5 in Staves
    31 | D        | Reached skill level 5 in Ranged Weapons
    31 | D        | Reached skill level 5 in Throwing
    31 | D        | Reached skill level 5 in Unarmed Combat
    31 | D        | Reached skill level 5 in Spellcasting
    31 | D        | Reached skill level 5 in Conjurations
    31 | D        | Reached skill level 5 in Summonings
    31 | D        | Reached skill level 5 in Necromancy
    31 | D        | Reached skill level 5 in Translocations
    31 | D        | Reached skill level 5 in Air Magic
    31 | D        | Noticed a meat berserker
    32 | D        | Noticed a sculptor of flesh
    32 | D        | Killed a meat berserker
    32 | D        | Reached ***** piety under Makhleb
    33 | D        | Reached XP level 20. HP: 161/197 MP: 19/36
    33 | D        | Noticed a destroyer
    33 | D        | Killed a meat berserker
    33 | D        | Killed a meat berserker
    33 | D        | Killed a destroyer
    34 | D        | Reached skill level 27 in Invocations
    34 | D        | Reached XP level 21. HP: 204/204 MP: 19/38
    34 | D        | Killed a meat berserker
    35 | D        | Reached skill level 10 in Transmutations
    35 | D        | Reached skill level 10 in Fire Magic
    35 | D        | Reached skill level 10 in Ice Magic
    35 | D        | Reached ****** piety under Makhleb
    36 | D        | Reached skill level 10 in Short Blades
    36 | D        | Reached skill level 10 in Long Blades
    36 | D        | Reached skill level 10 in Maces & Flails
    36 | D        | Reached skill level 10 in Polearms
    36 | D        | Reached skill level 10 in Staves
    36 | D        | Reached skill level 10 in Ranged Weapons
    36 | D        | Reached skill level 10 in Throwing
    36 | D        | Reached skill level 10 in Unarmed Combat
    36 | D        | Reached skill level 10 in Spellcasting
    36 | D        | Reached skill level 10 in Summonings
    36 | D        | Reached skill level 10 in Necromancy
    36 | D        | Killed a meat berserker
    36 | D        | Killed a large bag of meat
    37 | D        | Reached skill level 10 in Conjurations
    37 | D        | Reached skill level 10 in Translocations
    37 | D        | Reached skill level 10 in Air Magic
    37 | D        | Reached skill level 15 in Poison Magic
    37 | D        | Reached XP level 22. HP: 156/212 MP: 20/39
    37 | D        | Killed a meat berserker
    38 | D        | Reached skill level 15 in Hexes
    38 | D        | Reached skill level 15 in Earth Magic
    38 | D        | Noticed a destroyer
    38 | D        | Killed a destroyer
    38 | D        | Noticed a destroyer
    39 | D        | Reached skill level 15 in Transmutations
    39 | D        | Reached skill level 15 in Evocations
    39 | D        | Reached XP level 23. HP: 200/219 MP: 20/40
    39 | D        | Killed a destroyer
    39 | D        | Noticed a destroyer
    41 | D        | Reached skill level 15 in Fire Magic
    41 | D        | Reached skill level 15 in Ice Magic
    41 | D        | Noticed a destroyer
    41 | D        | Killed a destroyer
    41 | D        | Killed a destroyer
    42 | D        | Reached XP level 24. HP: 222/227 MP: 21/41
    43 | D        | Noticed a destroyer
    45 | D        | Reached skill level 15 in Long Blades
    45 | D        | Reached skill level 15 in Maces & Flails
    45 | D        | Reached skill level 15 in Polearms
    45 | D        | Reached skill level 15 in Staves
    45 | D        | Reached skill level 15 in Ranged Weapons
    45 | D        | Reached skill level 15 in Throwing
    45 | D        | Reached skill level 15 in Unarmed Combat
    45 | D        | Reached skill level 15 in Spellcasting
    45 | D        | Reached skill level 15 in Translocations
    46 | D        | Reached XP level 25. HP: 234/234 MP: 22/42
    46 | D        | Noticed a large bag of meat
    46 | D        | Killed a destroyer
    47 | D        | Reached skill level 15 in Air Magic
    48 | D        | Killed a destroyer
    49 | D        | Reached skill level 15 in Conjurations
    49 | D        | Noticed an accursed
    49 | D        | Annihilated by a sculptor of flesh

Illustrated notes

Levels and vault maps discovered:
D:        meatsprint

Skill      XL: |  1  2  3  4  5  6  7  8  9 10 11 12 13 14 15 16 17 18 19 20 21 22 23 24 25 |
---------------+----------------------------------------------------------------------------+-----
Fighting       | 14 18 21 23 27 | 27.0
Axes           | 13 16 19 20 26 27 | 27.0
Armour         | 14 18 20 23 27 | 27.0
Shields        | 17 21 24 26 27 | 27.0
Dodging        | 3 24 27 | 27.0
Short Blades   | 5 11 13 16 17 | 17.8
Long Blades    | 5 10 12 14 15 16 | 16.2
Maces & Flails | 5 10 12 14 15 16 | 16.2
Polearms       | 5 10 12 14 15 16 | 16.3
Staves         | 5 10 12 14 15 16 | 16.2
Ranged Weapons | 5 10 12 14 15 16 | 16.2
Throwing       | 5 10 12 14 15 16 | 16.3
Stealth        | 7 13 16 18 19 20 | 20.6
Unarmed Combat | 5 10 12 14 15 16 | 16.2
Spellcasting   | 5 10 12 14 15 16 | 16.2
Conjurations   | 5 10 11 13 14 15 | 15.0
Hexes          | 7 14 16 19 20 21 | 21.1
Summonings     | 5 11 13 16 17 | 17.8
Necromancy     | 5 11 13 16 17 | 17.8
Translocations | 5 10 12 14 15 16 | 16.4
Transmutations | 6 12 15 17 18 19 | 19.3
Fire Magic     | 6 12 14 16 17 18 | 18.0
Ice Magic      | 6 12 14 16 17 18 | 18.0
Air Magic      | 5 10 12 13 14 15 | 15.3
Earth Magic    | 7 14 16 19 20 21 | 21.1
Poison Magic   | 8 15 17 20 21 22 | 22.7
Invocations    | 25 27 | 27.0
Evocations     | 7 13 15 17 18 19 | 19.5

Action                   |  1- 3 |  4- 6 |  7- 9 | 10-12 | 13-15 | 16-18 | 19-21 | 22-24 | 25-27 || total
-------------------------+-------+-------+-------+-------+-------+-------+-------+-------+-------++-------
Melee: Executioner's axe |     1 |       |       |     1 |     5 |     5 |     7 |     7 |     2 ||    28
Invok: Lesser Servant of |       |       |       |       |       |       |     1 |       |       ||     1
Armor: Scale mail        |       |       |       |       |       |       |       |       |     1 ||     1
Dodge: Dodged            |     1 |       |       |       |       |       |     1 |       |       ||     2

Table legend: (Time is in decaauts)
 A = Elapsed time spent in this place.
 B = Non-inter-level travel time spent in this place.
 C = Inter-level travel time spent in this place.
 D = Time resting spent in this place.
 E = Time spent auto-exploring this place.
 F = Levels seen in this place.
 G = Mean time per level.
                   A        B        C        D        E       F      G
               +--------+--------+--------+--------+--------+-----+--------+
         Total |     42 |     42 |      0 |      0 |      0 |   1 |   42.0 |
       Dungeon |     42 |     42 |      0 |      0 |      0 |   1 |   42.0 |
               +--------+--------+--------+--------+--------+-----+--------+

Top non-repeatable levels by time:
       D: 42 daAuts
